AoeStats
← BigCozy101

Black Forest

509279277Analyzed
3v3 RM · 7d ago on Sep 26, 2026· 59m 31s· 6 players
Game mode
Random Map
Map size
Normal (6 player)
Population
200
Speed
Normal
Resources
Standard
Victory
Conquest
Starting age
Dark Age
Ending age
Imperial Age
RankedLock teamsTeams togetherTeam positionsShared explorationLock speedFull tech treeHidden civsTurbo modeCheats
Victory
Defeat
696
+14
🇭🇰 Turks · Hong Kong SAR China
675
+15
🇺🇸 Poles · United States
634
+36
🇺🇸 Persians · United States
727
-40
🇺🇸 Britons · United States
612
-15
🇺🇸 Turks · United States
611
-15
Gack13579
13:26 Feudal Age
14:38 Double-Bit Axe
16:00 Horse Collar
19:04 Loom
19:13 Loom
22:36 Castle Age
21:07 Gold Mining
21:10 Stone Mining
24:28 Crossbowman
28:16 Fletching
28:29 Padded Archer Armor
36:47 Imperial Age
35:28 Bodkin Arrow
35:49 Leather Archer Armor
36:06 Pikeman
37:03 Forging
38:18 Fortified Wall
38:30 Ballistics
39:12 Chemistry
39:36 Bow Saw
39:43 Heavy Plow
40:32 Elite Longbowman
42:35 Gold Shaft Mining
42:10 Arbalester
42:56 Bracer
43:21 Warwolf
46:14 Halberdier
BigCozy101
5:01 Loom
11:46 Feudal Age
12:06 Horse Collar
13:31 Double-Bit Axe
16:20 Gold Mining
21:24 Castle Age
19:29 Stone Mining
23:49 Crossbowman
24:40 Thumb Ring
27:10 Wheelbarrow
29:56 Kamandaran
35:11 Imperial Age
33:44 Bow Saw
34:31 Heavy Plow
34:23 Gambesons
34:39 Squires
33:59 Pikeman
34:46 Padded Archer Armor
34:38 Fletching
35:02 Forging
34:59 Scale Barding Armor
35:22 Caravan
36:24 Hand Cart
35:55 Town Watch
38:23 Elite War Elephant
39:49 Iron Casting
39:36 Chain Barding Armor
39:32 Leather Archer Armor
39:13 Bodkin Arrow
41:16 Capped Ram
41:34 Heavy Scorpion
44:40 Town Patrol
54:37 Man-at-Arms
54:38 Halberdier
58:00 Long Swordsman
Jazzbum
12:01 Feudal Age
13:52 Loom
19:46 Castle Age
23:00 Double-Bit Axe
23:28 Horse Collar
25:04 Bow Saw
25:41 Forging
25:36 Scale Barding Armor
27:20 Husbandry
28:35 Gold Mining
32:05 Gold Shaft Mining
31:23 Stone Mining
34:07 Heavy Plow
36:32 Caravan
42:51 Imperial Age
44:01 Ballistics
43:13 Elite Janissary
43:56 Artillery
43:20 Capped Ram
43:52 Heavy Camel Rider
44:43 Bloodlines
45:25 Iron Casting
45:11 Chain Barding Armor
44:53 Padded Archer Armor
48:46 Siege Ram
51:29 Conscription
52:21 Blast Furnace
51:57 Plate Barding Armor
51:37 Leather Archer Armor
51:18 Heated Shot
51:22 Guard Tower
51:43 Masonry
51:28 Murder Holes
51:44 Fortified Wall
51:20 Arrowslits
TheFoustAffectTTV
10:46 Feudal Age
14:30 Double-Bit Axe
20:44 Castle Age
20:41 Forging
20:32 Scale Mail Armor
33:19 Coinage
34:56 Bow Saw
37:16 Iron Casting
36:57 Chain Mail Armor
36:48 Scale Barding Armor
36:46 Squires
36:32 Arson
40:12 Imperial Age
42:20 Elite Obuch
44:40 Blast Furnace
46:01 Plate Mail Armor
45:52 Chain Barding Armor
45:50 Light Cavalry
46:42 Bloodlines
48:38 Winged Hussar
51:18 Husbandry
juliocesaracostagaytan
13:51 Feudal Age
14:14 Horse Collar
14:59 Loom
19:22 Castle Age
18:21 Double-Bit Axe
18:28 Stone Mining
18:39 Gold Mining
20:18 Bow Saw
21:41 Wheelbarrow
21:15 Heavy Plow
24:51 Hand Cart
25:36 Treadmill Crane
28:36 Caravan
36:38 Imperial Age
33:57 Town Watch
34:33 Forging
34:23 Scale Mail Armor
34:30 Scale Barding Armor
36:06 Iron Casting
35:36 Vendel Legacy
36:04 Gambesons
36:20 Squires
36:05 Arson
37:16 Chain Mail Armor
37:22 Chain Barding Armor
37:49 Conscription
36:55 Elite Varangian Guard
38:41 Stone Shaft Mining
39:05 Bloodlines
38:56 Husbandry
38:26 Elite Jarl
38:29 Gothikon
38:32 Elite Varangian Guard
41:10 Blast Furnace
40:40 Plate Mail Armor
40:46 Plate Barding Armor
41:02 Siege Engineers
41:58 Chemistry
41:19 Ballistics
40:56 Murder Holes
41:12 Fortified Wall
41:16 Masonry
41:17 Fortified Wall
42:14 Two-Man Saw
41:48 Crop Rotation
42:29 Fletching
42:40 Padded Archer Armor
42:49 Town Patrol
45:34 Pikeman
45:37 Man-at-Arms
46:56 Halberdier
47:51 Light Cavalry
48:29 Bodkin Arrow
48:50 Leather Archer Armor
48:50 Guilds
49:11 Coinage
QuiteSze lok
7:45 Loom
10:22 Feudal Age
10:50 Double-Bit Axe
10:47 Horse Collar
12:01 Wheelbarrow
22:35 Castle Age
20:36 Stone Mining
21:32 Gold Mining
22:46 Fishing Lines
23:39 Hand Cart
23:26 Heavy Plow
24:04 Gold Shaft Mining
23:42 Bow Saw
25:22 Gillnets
38:06 Imperial Age
37:01 Bloodlines
36:52 Husbandry
37:07 Forging
37:03 Scale Barding Armor
36:49 Fletching
37:00 Padded Archer Armor
37:18 Caravan
39:25 Fortified Wall
39:10 Murder Holes
39:36 Bombard Tower
39:07 Heated Shot
39:40 Ballistics
39:30 Masonry
39:04 Treadmill Crane
40:18 Iron Casting
40:04 Chain Barding Armor
40:00 Leather Archer Armor
40:48 Conscription
40:12 Elite Janissary
40:19 Elite Janissary
41:56 Artillery
54:32 Cavalier
57:54 Heavy Camel Rider
Connection lost

Rejoining the realm…

Still unreachable

The connection could not be restored.

Session expired

The server has moved on; the page needs a fresh start.